 Dungeon Crawl Stone Soup version bcrawl-1.28.1b (webtiles) character file.

Game seed: 9530960714543101198

152096 Adamkad1 the Ruffian (level 3, -6/29 HPs)
             Began as a Draconian Transmuter on Dec 12, 2020.
             Mangled by Sigmund
             ... wielding a +1 scythe of protection
              (9 damage)
             ... on level 3 of the Dungeon.
             The game lasted 00:01:11 (737 turns).

Adamkad1 the Ruffian (Draconian Transmuter)          Turns: 737, Time: 00:01:11

Health: -6/29      AC:  5    Str: 13    XL:     3   Next: 37%
Magic:  5/6        EV: 12    Int: 13    God:
Gold:   57         SH:  0    Dex: 11    Spells: 3/6 levels left

rFire    . . .     SeeInvis .     - Fists (7.1)
rCold    . . .     Gourm    .   (no shield)
rNeg     . . .     Faith    .   (armour unavailable)
rPois    .         Spirit   .   (helmet restricted)
rElec    .         Reflect  .   (no cloak)
rCorr    .         Harm     .   (no gloves)
MR       .....                  (boots currently unavailable)
Stlth    +.........             (no amulet)
HPRegen  0.09/turn              (no ring)
MPRegen  0.10/turn              (no ring)

@: confused, appendage
A: unfitting armour, talons 3, cold-blooded, AC +5
a: End Transformation


You were on level 3 of the Dungeon.
You were hungry.
You had grown temporary talons.
You visited 1 branch of the dungeon, and saw 3 of its levels.

You collected 57 gold pieces.

Inventory:

Missiles
 a - 120 arrows
Jewellery
 i - an uncursed ring of magical power {unknown}
Scrolls
 f - a scroll of immolation {unknown}
 g - a scroll of blinking {unknown}
Potions
 c - 2 potions of lignification
 d - 2 potions of brilliance {unknown}
 h - a potion of curing
 j - a potion of magic {unknown}
 k - a potion of invisibility {unknown}
Comestibles
 b - 3 chunks of flesh
 e - 2 rations {!d}


   Skills:
 * Level 1.8 Fighting
 * Level 2.2 Dodging
 * Level 3.3 Unarmed Combat
 + Level 2.3 Spellcasting
 * Level 2.4 Transmutations


You had 3 spell levels left.
You knew the following spells:

 Your Spells              Type           Power        Failure   Level  Hunger
a - Beastly Appendage     Tmut           #.....       10%         1    None
b - Passwall              Tmut/Erth      #.......     22%         2    ##.....

Your spell library contained the following spells:

 Spells                   Type           Power        Failure   Level  Hunger
 Sticks to Snakes         Tmut           #.......     14%         2    ##.....
 Spider Form              Tmut/Pois      #..          41%         3    ####...
 Ice Form                 Ice/Tmut       #.......     83%         4    ######.
 Blade Hands              Tmut           #.........   95%         5    #######


Dungeon Overview and Level Annotations

Branches:
Dungeon (3/12)

Altars:

Annotations:
D:3 Sigmund


Innate Abilities, Weirdness & Mutations

Your plain brown scales are hard. (AC +5)
You cannot fit into any form of body armour.
You are cold-blooded and may be slowed by cold attacks.
You have claws for feet.


Message History

You barely miss Sigmund.
Sigmund is moderately wounded.
Casting: Beastly Appendage (safe; 10% risk of failure)
Confirm with . or Enter, or press ? or * to list all spells.
Your feet morph into talons.
Sigmund points at you and mumbles some strange words.
You resist with significant effort.
You closely miss Sigmund. You claw Sigmund, but do no damage.
Sigmund is moderately wounded.
Sigmund hits you with a +1 scythe of protection!
* * * LOW HITPOINT WARNING * * *
You closely miss Sigmund.
Sigmund is moderately wounded.
Sigmund gestures at you while chanting.
You are confused.
You barely miss Sigmund. Your kick misses Sigmund.
Sigmund is moderately wounded.
You're too confused to move!
Sigmund hits you with a +1 scythe of protection!
You die...

...............# #^.#
.........รท.....# ##.#
...............##########.#######
#................................
##.....#.....############..###...
#######...### ##.....##
###...##### .....# ###.....###
####.. #####@@.## . ###..# #....#
#..##.... ...! ### $#.#. .. .#..
.@ .# .. ... .. r..


You could see Sigmund.

Vanquished Creatures
  An adder (D:3)
  A worm (D:3)
  A leopard gecko (D:1)
  2 ball pythons (D:3)
  A giant cockroach (D:1)
  4 goblins (D:1)
  5 hobgoblins
  5 kobolds
  A quokka (D:3)
  3 bats (D:1)
  3 rats (D:1)
27 creatures vanquished.

Notes
Turn   | Place    | Note
-------+----------+-------------------------------------------
     0 | D:1      | Adamkad1 the Draconian Transmuter began the quest for the
                  | Orb.
     0 | D:1      | Reached XP level 1. HP: 16/16 MP: 3/3
    80 | D:1      | Reached XP level 2. HP: 23/23 MP: 3/5
   312 | D:1      | Learned a level 2 spell: Passwall
   554 | D:3      | Reached XP level 3. HP: 29/29 MP: 4/6
   703 | D:3      | Noticed Sigmund
   737 | D:3      | Mangled by Sigmund

Skill      XL: |  1  2 |
---------------+-------+-----
Dodging        | 2 |  2.2
Fighting       | |  1.8
Unarmed Combat | |  3.3
Spellcasting   | |  2.3
Transmutations | |  2.4

Action                   || total
-------------------------++-------
Melee: Unarmed           ||    90
       Kick              ||     6
       Headbutt          ||     4
       Tailslap          ||    12
       Punch             ||     2
 Cast: Beastly Appendage ||    15
  Eat: Chunk             ||     1
Armor: Skin              ||    24
Dodge: Dodged            ||    62
